 Dungeon Crawl Stone Soup version 0.21.1-1-g345015f (webtiles) character file.

175 inc the Charmwright (level 5, -7/21 HPs)
             Began as a Felid Ice Elementalist on Feb 21, 2018.
             Was a Follower of Ru.
             Mangled by an ice beast (14 damage)
             ... on level 4 of the Dungeon.
             The game lasted 00:15:07 (5787 turns).

inc the Charmwright (Felid Ice Elementalist)        Turns: 5787, Time: 00:15:08

Health: -7/21      AC:  7    Str:  4    XL:     5   Next: 29%
Magic:  7/9        EV: 19    Int: 18    God:    Ru [*.....]
Gold:   291        SH:  0    Dex: 16    Spells: 2/8 levels left
                                        Lives:  0   Deaths: 1

rFire    . . .     SeeInvis +     - Unarmed
rCold    . . .     Gourm    .   (shield unavailable)
rNeg     . . .     Faith    .   (armour unavailable)
rPois    .         Spirit   .   (helmet unavailable)
rElec    .         Reflect  .   (cloak unavailable)
rCorr    .         Harm     .   (gloves unavailable)
MR       .....                  (boots unavailable)
Stlth    +++.......             (no amulet)
HPRegen  0.07/turn              q - ring of flight
MPRegen  0.11/turn              (no ring)

@: icy armour (expiring), quick
A: very small, no armour, no weapons or thrown items, stealth, claws 1, fangs 3,
see invisible, carnivore, speed 1, shaggy fur 1, slow metabolism 1, magic
vulnerability 1, sharp paws
a: Renounce Religion, Evoke Flight


You were on level 4 of the Dungeon.
You worshipped Ru.
Ru was aware of your devotion.
You were not hungry.

You visited 1 branch of the dungeon, and saw 6 of its levels.

You collected 291 gold pieces.

Inventory:

Jewellery
 q - a ring of flight (left paw)
Wands
 u - a wand of random effects (33)
Scrolls
 d - a scroll of fear {unknown}
 f - 2 scrolls of remove curse {unknown}
 h - 2 scrolls of fog {unknown}
 i - 4 scrolls of teleportation {unknown}
 m - a scroll of immolation {unknown}
 n - 3 scrolls of identify {unknown}
 o - a scroll of enchant weapon {unknown}
 v - a scroll of enchant armour {unknown}
 w - a scroll of random uselessness {unknown}
Potions
 c - a potion of ambrosia {unknown}
 e - a potion of agility
 g - a potion of flight {unknown}
 j - a potion of mutation {unknown}
 k - a potion of cancellation {unknown}
 l - a potion of invisibility {unknown}
 p - a potion of degeneration {unknown}
 s - a potion of curing {unknown}
 t - a potion of heal wounds
Books
 a - a book of Frost

   Spells                             Type                      Level
   a - Freeze                         Ice                          1
   b - Throw Frost                    Conjuration/Ice              2
   c - Ozocubu's Armour               Charms/Ice                   3
   d - Throw Icicle                   Conjuration/Ice              4
   e - Summon Ice Beast               Ice/Summoning                4
 r - a book of Maledictions

   Spells                             Type                      Level
   a - Corona                         Hexes                        1
   b - Ensorcelled Hibernation        Hexes/Ice                    2
   c - Confuse                        Hexes                        3
   d - Tukima's Dance                 Hexes                        3
   e - Dazzling Spray                 Conjuration/Hexes            3
Comestibles
 b - 5 rations


   Skills:
 - Level 3.5 Dodging
 - Level 2.6 Stealth
 + Level 2.6 Unarmed Combat
 - Level 2.0 Spellcasting
   Level 0.8 Conjurations
 - Level 2.0 Hexes
 - Level 4.5 Charms
 - Level 3.4 Ice Magic


You had 2 spell levels left.
You knew the following spells:

 Your Spells              Type           Power        Failure   Level  Hunger
a - Freeze                Ice            ##..         4%          1    #......
b - Ozocubu's Armour      Chrm/Ice       ###.....     11%         3    ###....
c - Ensorcelled Hibernat  Hex/Ice        ##....       9%          2    ###....


Dungeon Overview and Level Annotations

Branches:
Dungeon (6/15)
 Temple: D:4-7

Altars:
Ru
Trog

Shops:
D:5 *

Annotations:
D:3 amentoraz's ghost, amateur CeHu
D:4 Ijyb; Robin


Innate Abilities, Weirdness & Mutations

You cannot wear armour.
You are incapable of wielding weapons or throwing items.
Your paws allow you to move quietly. (Stealth)
You have sharp claws.
You have razor-sharp teeth.
You have supernaturally acute eyesight. (SInv)
You are carnivorous and can eat meat at any time.
You cover ground quickly.
You are covered in fur. (AC +1)
You have a slow metabolism.
You are slightly vulnerable to magic. (MR-)
Your sharp claws are effective at attacking unaware monsters.


Message History

You scratch the ice beast.
The ice beast is moderately wounded.
The ice beast barely misses you.
You scratch the ice beast but do no damage.
The ice beast is moderately wounded.
The ice beast closely misses you.
You scratch the ice beast. Your bite misses the ice beast.
The ice beast is heavily wounded.
You scratch the ice beast.
The ice beast is heavily wounded.
The ice beast hits you. The ice beast freezes you.
You scratch the ice beast but do no damage.
The ice beast is heavily wounded.
Your icy armour starts to melt.
The ice beast barely misses you.
You barely miss the ice beast.
The ice beast is heavily wounded.
The ice beast hits you. The ice beast freezes you!
Ouch! That really hurt!
You die...

####.##...####
#.##.##.## #...####
#.##.##..## # ###.#
#.#..###..## . #.#
#.#.# ##..##.
#.######### ###...##
##.... #.........#
#......#........
###.......#
#........#####..
#.......###.......##
#..
#<......Y@.......##
###
#.......###......#
#.<....(# #).....#
#..[....# #......#
#.......# #......#
#......># ########
#.......# #########


You could see an ice beast.

Vanquished Creatures
  A jelly (D:5)
  2 centaur skeletons
  A worker ant (D:4)
  6 adders
  3 oozes
  2 worms (D:2)
  A dart slug (D:1)
  2 leopard geckos
  3 orcs
  10 bats
  5 giant cockroaches
  11 goblins
  6 hobgoblins
  4 jackals (D:1)
  A quokka (D:2)
  6 frilled lizards
  7 kobolds
  7 rats
78 creatures vanquished.

Notes
Turn   | Place    | Note
-------+----------+-------------------------------------------
     0 | D:1      | inc the Felid Ice Elementalist began the quest for the Orb.
     0 | D:1      | Reached XP level 1. HP: 7/7 MP: 4/4
   263 | D:1      | Reached XP level 2. HP: 8/11 MP: 1/6
  1246 | D:2      | Reached XP level 3. HP: 13/14 MP: 4/7
  1276 | D:3      | Learned a level 3 spell: Ozocubu's Armour
  1567 | D:2      | Reached skill level 1 in Charms
  1974 | D:3      | Noticed amentoraz's ghost (amateur CeHu)
  2078 | D:2      | Reached skill level 2 in Charms
  2141 | D:2      | Reached XP level 4. HP: 17/18 MP: 1/8
  2233 | D:2      | Reached skill level 3 in Charms
  2295 | D:2      | Learned a level 2 spell: Ensorcelled Hibernation
  3576 | D:4      | Found a transporter.
  3597 | D:4      | Found a transporter.
  3606 | D:4      | Noticed an ogre
  3892 | D:3      | Found a sacrificial altar of Ru.
  3902 | D:3      | Became a worshipper of Ru the Awakened
  4131 | D:3      | Reached skill level 4 in Charms
  4275 | D:4      | Reached XP level 5. HP: 3/21 MP: 6/9
  4615 | D:4      | Reached skill level 1 in Hexes
  5010 | D:5      | Entered Level 5 of the Dungeon
  5029 | D:5      | Killed from afar by a shadow imp
  5030 | D:5      | Reached XP level 4. HP: -6/18 MP: 1/8
  5053 | D:5      | Found Jyiros's Assorted Antiques.
  5385 | D:4      | Reached skill level 1 in Unarmed Combat
  5418 | D:4      | Noticed Robin
  5419 | D:4      | Noticed Ijyb
  5614 | D:5      | Reached XP level 5. HP: 21/21 MP: 9/9
  5675 | D:5      | Noticed an ice beast
  5685 | D:5      | Found a bloodstained altar of Trog.
  5713 | D:5      | Gained mutation: You are slightly vulnerable to magic. (MR-) [Ru sacrifice]
  5713 | D:5      | Reached * piety under Ru
  5787 | D:4      | Mangled by an ice beast

Skill      XL: |  1  2  3  4  5 |
---------------+----------------+-----
Ice Magic      | 3 |  3.4
Dodging        | 3 |  3.5
Charms         | 2 4 |  4.5
Hexes          | 2 |  2.0
Unarmed Combat | 2 |  2.6
Stealth        | |  2.6
Spellcasting   | |  2.0
Conjurations   | |  0.8

Action                   |  1- 3 |  4- 6 || total
-------------------------+-------+-------++-------
Melee: Unarmed           |    47 |   144 ||   191
       Bite              |     7 |    12 ||    19
       Punch             |       |     1 ||     1
 Cast: Freeze            |    62 |    64 ||   126
       Ozocubu's Armour  |     5 |    13 ||    18
       Ensorcelled Hiber |       |     8 ||     8
Invok: Sacrifice Essence |       |     1 ||     1
  Use: Potion            |       |     2 ||     2
 Stab: Sleeping          |     6 |    12 ||    18
  Eat: Chunk             |     6 |     4 ||    10
       Ration            |       |     1 ||     1
Armor: Skin              |     6 |    19 ||    25
Dodge: Dodged            |    80 |   179 ||   259
